 Dungeon Crawl Stone Soup version 0.29-a0-350-g7790a0e70a (webtiles) character file.

Game seed: 11866697789749078629

5480 NinjaNoafa the Green Death (level 10, 0/90 HPs)
             Began as a Hill Orc Monk on Apr 22, 2022.
             Was a High Priest of Fedhas.
             Slain by a yak (7 damage)
             ... on level 10 of the Dungeon.
             The game lasted 00:28:13 (9609 turns).

NinjaNoafa the Green Death (Hill Orc Monk)          Turns: 9609, Time: 00:28:15

Health: 0/90       AC:  9    Str: 23    XL:     10   Next: 69%
Magic:  16/16      EV: 14    Int:  8    God:    Fedhas [*****.]
Gold:   72         SH:  0    Dex: 17    Spells: 9/9 levels left

rFire   . . .      SeeInvis +   n - +5 flail of Beyond {holy, Will- rCorr Str+2}
rCold   . . .      Faith    .   (no shield)
rNeg    + . .      Spirit   .   z - +2 robe {rC+}
rPois   +          Reflect  .   i - +0 helmet
rElec   .          Harm     .   q - +0 cloak
rCorr   +          Rampage  .   (no gloves)
Will    .....                   o - +2 pair of boots
Stlth   ++........              l - amulet of Vaul {rPois rC- rN+ Regen+}
HPRegen 1.05/turn               r - ring of poison resistance
MPRegen 0.15/turn               m - +6 ring of strength

@: about to teleport
A: see invisible, dopey 1, poison resistance, evolution 1
a: Renounce Religion, Wall of Briars, Grow Ballistomycete, Overgrow, Grow Oklob


You were on level 10 of the Dungeon.
You worshipped Fedhas.
Fedhas was extremely pleased with you.
You visited 1 branch of the dungeon, and saw 10 of its levels.

You collected 458 gold pieces.
You spent 386 gold pieces at shops.

Inventory:

Hand Weapons
 g - a +2 shortbow of freezing
 n - the +5 flail of Beyond (weapon) {holy, Will- rCorr Str+2}
   (You found it on level 2 of the Dungeon)

   It has been blessed by the Shining One to cause great damage to the undead
   and demons.
   Str:       It affects your strength (+2).
   rCorr:     It protects you from acid and corrosion.
   Will:      It decreases your willpower.
 A - a +6 halberd
Missiles
 a - 9 poisoned darts
 d - 329 stones
 h - a throwing net
 u - 4 curare-tipped darts
Armour
 i - a +0 helmet (worn)
 o - a +2 pair of boots (worn)
 q - a +0 cloak (worn)
 z - a +2 robe of cold resistance (worn)
 G - an orb of light
Jewellery
 l - the amulet of Vaul (around neck) {rPois rC- rN+ Regen+}
   (You found it on level 6 of the Dungeon)

   [amulet of regeneration]

   rC:        It makes you vulnerable to cold.
   rPois:     It protects you from poison.
   rN:        It protects you from negative energy.
   Regen:     It increases your rate of health regeneration.
 m - a +6 ring of strength (right hand)
 r - a ring of poison resistance (left hand)
 y - a +6 ring of intelligence
Wands
 b - a wand of charming (2)
 e - a wand of acid (5)
 j - a wand of flame (30) (quivered)
 F - a wand of iceblast (6)
Scrolls
 f - a scroll of amnesia
 x - 3 scrolls of teleportation
 B - a scroll of noise
 C - a scroll of magic mapping
 E - a scroll of enchant weapon
Potions
 c - a potion of ambrosia
 k - 4 potions of attraction
 p - a potion of brilliance
 s - a potion of lignification
 t - 2 potions of magic
 v - a potion of cancellation
 w - 2 potions of curing
 D - a potion of flight
 I - a potion of berserk rage


   Skills:
 + Level 8.6 Fighting
 - Level 0.2 Short Blades
 - Level 4.5(6.7) Axes
 + Level 6.4(6.9) Maces & Flails
 * Level 3.0 Bows
 - Level 4.0 Armour
 - Level 5.0 Dodging
 + Level 3.1 Stealth
 - Level 9.0 Invocations
 - Level 7.0 Evocations


You had 9 spell levels left.
You didn't know any spells.
Your spell library contained the following spells:

 Spells                   Type           Power      Damage    Failure   Level
 Apportation              Tloc           0%         N/A       41%         1
 Summon Small Mammal      Summ           0%         N/A       41%         1
 Call Canine Familiar     Summ           0%         N/A       78%         3
 Portal Projectile        Hex/Tloc       0%         N/A       78%         3
 Summon Guardian Golem    Hex/Summ       0%         N/A       78%         3
 Leda's Liquefaction      Hex/Erth       0%         N/A       99%         4
 Alistair's Intoxication  Tmut/Pois      0%         N/A       100%        5
 Blade Hands              Tmut           0%         N/A       100%        5
 Excruciating Wounds      Necr           0%         N/A       100%        5
 Lee's Rapid Deconstruct  Erth           0%         3d5*      100%        5
 Statue Form              Tmut/Erth      0%         N/A       100%        6


Dungeon Overview and Level Annotations

Branches:
Dungeon (10/15)            Temple (0/1) D:6
   Lair: D:8-11         Orc: D:9-12

Altars:
Fedhas
Xom

Shops:
D:3 [   D:6 *


Innate Abilities, Weirdness & Mutations

You have supernaturally acute eyesight. (SInv)
You are dopey. (Int -2)
Your system is resistant to poisons. (rPois)
You have hidden genetic potential.


Message History

The two-headed ogre hits you with a +0 giant spiked club!
The two-headed ogre misses you.
You barely miss the two-headed ogre.
The two-headed ogre is severely wounded.
You sock the two-headed ogre!
The two-headed ogre is almost dead.
The two-headed ogre hits you with a +0 giant spiked club!!
The two-headed ogre barely misses you.
A yak comes into view.
The yak moves out of view.
You bludgeon the two-headed ogre!!
You kill the two-headed ogre!
Fedhas appreciates your contribution to the ecosystem.
The troll bites you! The troll claws you. The troll claws you!
* * * LOW HITPOINT WARNING * * *
Your Bows skill increases to level 3!
Your Stealth skill increases to level 3!
As you read the scroll of identify, it crumbles to dust.
E - a scroll of enchant weapon The troll bites you!
* * * LOW HITPOINT WARNING * * *
The troll claws you but does no damage. x2; The yak gores you.
* * * LOW HITPOINT WARNING * * *
The yak gores you but does no damage.
As you read the scroll of teleportation, it crumbles to dust.
You feel strangely unstable.
The yak bellows!
The troll barely misses you. The troll claws you but does no damage.
The troll closely misses you. The yak closely misses you.
The troll attacks as you move away! The troll closely misses you.
The troll claws you but does no damage. The troll closely misses you.
A scorpion comes into view.
The troll attacks as you move away! The troll bites you.
* * * LOW HITPOINT WARNING * * *
The troll claws you.
* * * LOW HITPOINT WARNING * * *
The troll claws you but does no damage. The yak attacks as you move away!
The yak gores you!
You die...
Fedhas appreciates your contribution to the ecosystem.

#........s......
#...............
#.......Y.......
#...............
#...............
#...............
#.....Y.........
#<...@T.<.......
#.......).......
#...............
..................
..................
#######...########
#...# #...#


You could see 2 yaks, a troll and a scorpion (wandering).

Vanquished Creatures
  2 two-headed ogres
  A troll (D:9)
  Grinder (D:5)
  A hornet (D:9)
  A wraith (D:9)
  Eustachio (D:5)
  A steam dragon (D:8)
  A water moccasin (D:7)
  Duvessa (D:5)
  4 black bears
  2 orc warriors
  An ogre (D:7)
  3 centaurs
  A phantom (D:5)
  Blork the orc (D:5)
  A necrophage (D:5)
  2 bullfrogs (D:7)
  2 scorpions
  2 wights (D:8)
  Dowan (D:5)
  3 killer bees (D:8)
  A gnoll shaman (D:6)
  5 hounds
  2 jellies (D:5)
  4 orc priests
  Jessica (D:2)
  3 iguanas
  5 orc wizards
  Natasha (thrice) (D:4)
  10 adders
  4 gnolls (D:6)
  A shadow imp (D:4)
  2 ufetubi
  2 dart slugs (D:1)
  21 orcs
  7 endoplasms
  2 giant cockroaches
  14 goblins
  6 hobgoblins
  2 jackals (D:2)
  4 kobolds
  5 quokkas
  9 ball pythons
  3 bats
  4 frilled lizards
  27 rats
180 creatures vanquished.

Vanquished Creatures (collateral kills)
  An orc warrior (D:8)
  A centaur (D:8)
  2 wights (D:8)
  3 killer bees (D:8)
  An orc priest (D:8)
  4 orc wizards (D:8)
  9 orcs (D:8)
21 creatures vanquished.

Vanquished Creatures (others)
  A centaur (D:9)
  4 fungi (D:10)
  24 plants (D:4)
29 creatures vanquished.

Grand Total: 230 creatures vanquished

Notes
Turn   | Place    | Note
-------+----------+-------------------------------------------
     0 | D:1      | NinjaNoafa the Hill Orc Monk began the quest for the Orb.
     0 | D:1      | Reached XP level 1. HP: 19/19 MP: 1/1
   354 | D:1      | Reached XP level 2. HP: 12/27 MP: 2/2
  1026 | D:1      | Reached XP level 3. HP: 29/33 MP: 3/3
  1110 | D:1      | Found a faded altar of an unknown god.
  1130 | D:1      | Prayed at the altar of an unknown god.
  1130 | D:1      | Became a worshipper of Fedhas Madash
  1130 | D:1      | Reached * piety under Fedhas
  1130 | D:1      | Reached ** piety under Fedhas
  1717 | D:2      | Identified the +5 flail of Beyond {holy, Will- rCorr Str+2}
  1935 | D:2      | Reached *** piety under Fedhas
  2090 | D:2      | Noticed Jessica
  2094 | D:2      | Killed Jessica
  2095 | D:2      | Reached skill level 1 in Maces & Flails
  2095 | D:2      | Reached skill level 1 in Invocations
  2095 | D:2      | Reached XP level 4. HP: 38/40 MP: 4/4
  2439 | D:3      | Found Ruasey's Armour Shop.
  2744 | D:3      | Reached XP level 5. HP: 47/47 MP: 6/6
  2843 | D:3      | Reached skill level 2 in Invocations
  3162 | D:4      | Noticed Natasha
  3169 | D:4      | Killed Natasha
  3172 | D:4      | Noticed Natasha
  3195 | D:4      | Killed Natasha
  3195 | D:4      | Reached **** piety under Fedhas
  3196 | D:4      | Reached XP level 6. HP: 14/53 MP: 6/8
  3199 | D:4      | Reached skill level 1 in Armour
  3213 | D:5      | Entered Level 5 of the Dungeon
  3539 | D:5      | Reached skill level 3 in Invocations
  3577 | D:5      | Noticed Blork the orc
  3588 | D:5      | Killed Blork the orc
  3589 | D:5      | Reached skill level 5 in Fighting
  3613 | D:5      | Reached XP level 7. HP: 25/61 MP: 9/9
  3619 | D:5      | Reached skill level 4 in Invocations
  3978 | D:5      | Noticed Grinder
  3988 | D:5      | Killed Grinder
  3989 | D:5      | Reached skill level 1 in Evocations
  4260 | D:5      | Noticed Eustachio
  4276 | D:5      | Killed Eustachio
  4277 | D:5      | Reached skill level 5 in Invocations
  4277 | D:5      | Reached XP level 8. HP: 69/69 MP: 11/11
  4577 | D:4      | Reached ***** piety under Fedhas
  4579 | D:4      | Noticed Natasha
  4585 | D:4      | Killed Natasha
  5228 | D:5      | Noticed Duvessa
  5229 | D:5      | Noticed Dowan
  5238 | D:5      | Killed Duvessa
  5239 | D:5      | Reached skill level 6 in Invocations
  5534 | D:5      | Killed Dowan
  5763 | D:5      | Found a shimmering altar of Xom.
  5914 | D:3      | Bought a +2 robe of cold resistance for 212 gold pieces
  6152 | D:6      | Reached XP level 9. HP: 75/75 MP: 14/14
  6346 | D:6      | Reached skill level 7 in Invocations
  6458 | D:6      | Found a staircase to the Ecumenical Temple.
  6590 | D:6      | Found Qyatomeg's Assorted Antiques.
  6649 | D:6      | Identified the amulet of Vaul {rPois rC- rN+ Regen+}
  7681 | D:7      | Gained mutation: You possess an exceptional clarity of
                  | mind. [potion of mutation]
  7681 | D:7      | Gained mutation: You are dopey. (Int -2) [potion of
                  | mutation]
  7681 | D:7      | Gained mutation: You are partially covered in iridescent
                  | scales. (AC +2) [potion of mutation]
  7976 | D:6      | Bought a forked wooden wand for 116 gold pieces
  7976 | D:6      | Bought a wand of flame (8) for 29 gold pieces
  7976 | D:6      | Bought a scroll labelled APSYSM HEHA for 29 gold pieces
  8014 | D:8      | Reached skill level 5 in Evocations
  8021 | D:8      | Reached skill level 8 in Invocations
  8156 | D:8      | Reached skill level 5 in Maces & Flails
  8421 | D:8      | Reached XP level 10. HP: 86/86 MP: 16/16
  8437 | D:8      | Lost mutation: You are dopey. (Int -2) [potion of mutation]
  8437 | D:8      | Lost mutation: You are partially covered in iridescent
                  | scales. (AC +2) [potion of mutation]
  8437 | D:8      | Lost mutation: You possess an exceptional clarity of mind.
                  | [potion of mutation]
  8437 | D:8      | Gained mutation: You are dopey. (Int -2) [potion of
                  | mutation]
  8437 | D:8      | Gained mutation: You have supernaturally acute eyesight.
                  | (SInv) [potion of mutation]
  8437 | D:8      | Gained mutation: You have hidden genetic potential. [potion
                  | of mutation]
  8437 | D:8      | Gained mutation: Your system is resistant to poisons.
                  | (rPois) [potion of mutation]
  8531 | D:8      | Reached skill level 5 in Dodging
  8531 | D:8      | Reached skill level 9 in Invocations
  9041 | D:9      | Reached skill level 1 in Bows
  9126 | D:9      | Noticed a two-headed ogre
  9152 | D:9      | Killed a two-headed ogre
  9594 | D:10     | Entered Level 10 of the Dungeon
  9594 | D:10     | Noticed a two-headed ogre
  9603 | D:10     | Killed a two-headed ogre
  9609 | D:10     | Slain by a yak

Illustrated notes

Levels and vault maps discovered:
D:1:      giann_wishing_wells, layout_basic, shapermc_ecumenical_altar_pompeii,
          minmay_ruptured
D:2:      layout_basic, uniq_jessica
D:3:      layout_basic, serial_shops, shop, st_stairs_13
D:4:      layout_cave_pools, serial_bayou, serial_bayou_pond_b,
          serial_bayou_shore_a, serial_bayou_lagoon_b, serial_bayou_lagoon_a,
          minmay_rat_hole, uniq_natasha
D:5:      layout_gridville, tgw_xom, uniq_blork_the_orc, uniq_eustachio,
          uniq_grinder, uniq_duvessa
D:6:      layout_loops_ring, minmay_temple_entry_tees, serial_shops,
          nicolae_take_the_stairs, corexii_item_surrounded_by_moat,
          serial_bayou_pond_c
D:7:      layout_loops_ring
D:8:      layout_cave_pools, minmay_misc_feat_enclosed
D:9:      layout_basic, serial_aquarium, aquarium_bridge_square
          [aquarium_subvault_wall, aquarium_subvault_bridge,
          aquarium_subvault_wall, aquarium_subvault_bridge], aquarium_window_3,
          aquarium_window_corner, aquarium_window_2, aquarium_window_1,
          aquarium_view_2d, aquarium_view_2b, aquarium_balcony_3a,
          amcnicky_mini_pool_small, minmay_hedge_maze
D:10:     layout_long_grid, grunt_lair_entry_orc_guard_hut,
          minmay_orc_entry_guard_dogs, kennysheep_doodads,
          kennysheep_another_room

Skill      XL: |  1  2  3  4  5  6  7  8  9 10 |
---------------+-------------------------------+-----
Fighting       | 4 5 6 7 8 |  8.6
Stealth        | 2 3 |  3.1
Maces & Flails | 1 2 3 4 5 6 |  6.4
Invocations    | 1 2 3 5 6 8 9 |  9.0
Dodging        | 3 4 5 |  5.0
Armour         | 2 3 4 |  4.0
Evocations     | 2 4 6 7 |  7.0
Bows           | 3 |  3.0
Short Blades   | |  0.2
Axes           | |  4.5

Action                   |  1- 3 |  4- 6 |  7- 9 | 10-12 || total
-------------------------+-------+-------+-------+-------++-------
Melee: Hand axe          |    61 |       |       |       ||    61
       Dagger            |    30 |       |       |       ||    30
       Flail             |    22 |    98 |   254 |    36 ||   410
       Punch             |       |     1 |       |     1 ||     2
 Fire: Shortbow          |       |       |       |    19 ||    19
Throw: Dart              |       |       |    12 |       ||    12
Invok: Wall of Briars    |       |       |     1 |       ||     1
       Grow Oklob        |       |       |     1 |       ||     1
Evoke: Wand              |       |       |    11 |     8 ||    19
  Use: Scroll            |       |     9 |    10 |     3 ||    22
       Potion            |       |     4 |    10 |     4 ||    18
 Stab: Sleeping          |     6 |     5 |     1 |       ||    12
Armor: Robe              |    33 |    20 |    52 |    20 ||   125
       Leather armour    |       |    26 |    80 |       ||   106
       Skin              |       |       |    13 |       ||    13
Dodge: Dodged            |    80 |    92 |   280 |    65 ||   517

Table legend: (Time is in decaauts)
 A = Elapsed time spent in this place.
 B = Non-inter-level travel time spent in this place.
 C = Inter-level travel time spent in this place.
 D = Time resting spent in this place.
 E = Time spent auto-exploring this place.
 F = Levels seen in this place.
 G = Mean time per level.
                   A        B        C        D        E       F      G
               +--------+--------+--------+--------+--------+-----+--------+
         Total |   9797 |   9217 |    580 |    860 |   6635 |  10 |  979.7 |
       Dungeon |   9797 |   9217 |    580 |    860 |   6635 |  10 |  979.7 |
               +--------+--------+--------+--------+--------+-----+--------+

Top non-repeatable levels by time:
     D:5: 2064 daAuts
     D:1: 1602 daAuts
     D:7: 1142 daAuts
     D:3: 892 daAuts
     D:6: 876 daAuts
     D:4: 864 daAuts
     D:2: 848 daAuts
     D:9: 836 daAuts
     D:8: 654 daAuts
    D:10: 15 daAuts
